AoeStats
← mmmmmmm

Arena

509757552Analyzed
1v1 RM · 3d ago on Sep 27, 2026· 36m 19s· 2 players
Game mode
Random Map
Map size
Tiny (2 player)
Population
200
Speed
Normal
Resources
Standard
Victory
Conquest
Starting age
Dark Age
Ending age
Imperial Age
RankedLock teamsTeams togetherTeam positionsShared explorationLock speedFull tech treeHidden civsTurbo modeCheats
Victory
Defeat
🇦🇷 Spanish · Argentina
1156
+15
🇦🇷 Portuguese · Argentina
1132
-15
mmmmmmm
9:54 Feudal Age
10:06 Feudal Age
14:13 Castle Age
12:19 Loom
16:55 Double-Bit Axe
16:53 Horse Collar
17:54 Wheelbarrow
17:04 Town Watch
17:38 Fletching
33:49 Imperial Age
32:20 Hand Cart
Dibutex
10:01 Feudal Age
11:45 Loom
14:36 Castle Age
28:20 Imperial Age
26:09 Double-Bit Axe
27:06 Wheelbarrow
27:04 Gold Mining
27:31 Fletching
30:07 Chemistry
34:32 Padded Archer Armor
34:28 Bodkin Arrow
35:49 Leather Archer Armor
Connection lost

Rejoining the realm…

Still unreachable

The connection could not be restored.

Session expired

The server has moved on; the page needs a fresh start.